 Dungeon Crawl Stone Soup version 0.29-a0-11-ga75d3d97ab (webtiles) character file.

Game seed: 10020500451287012084

926 oldriver the Magician (level 8, -3/51 HPs)
             Began as an Octopode Hedge Wizard on Jan 29, 2022.
             Was an Initiate of Sif Muna.
             Slain by Pikel (10 damage)
             ... on level 6 of the Dungeon.
             The game lasted 00:26:15 (12201 turns).

oldriver the Magician (Octopode Hedge Wizard)      Turns: 12201, Time: 00:26:16

Health: -3/51      AC:  1    Str:  9    XL:     8   Next: 10%
Magic:  4/14       EV: 13    Int: 25    God:    Sif Muna [......]
Gold:   262        SH:  0    Dex: 11    Spells: 9/17 levels left

rFire   . . .      SeeInvis .   s - +2 whip (venom)
rCold   . . .      Faith    .   (no shield)
rNeg    . . .      Spirit   .   b - +0 hat
rPois   .          Reflect  .   m - amulet of regeneration
rElec   .          Harm     .   f - ring of resist corrosion
rCorr   +          Rampage  .   o - +6 ring of intelligence
Will    .....                   (no ring)
Stlth   ++++......              (no ring)
HPRegen 0.97/turn               (no ring)
MPRegen 0.14/turn               (no ring)
                                (no ring)
                                (no ring)

@: brilliant
A: almost no armour, amphibious, 8 rings, camouflage 1, gelatinous body 1,
(nimble swimmer 1), tentacles, low mp 1
a: Renounce Religion


You were on level 6 of the Dungeon.
You worshipped Sif Muna.
Sif Muna was noncommittal.
You visited 2 branches of the dungeon, and saw 9 of its levels.

You collected 262 gold pieces.

Inventory:

Hand Weapons
 s - a +2 whip of venom (weapon)
Missiles
 l - 16 poisoned darts
Armour
 b - a +0 hat (worn)
Magical Staves
 h - a staff of poison
Jewellery
 f - a ring of resist corrosion (left tentacle)
 m - an amulet of regeneration (around mantle)
 o - a +6 ring of intelligence (right tentacle)
 q - a ring of ice
Scrolls
 a - 2 scrolls of enchant armour {unknown}
 e - 2 scrolls of identify
 i - a scroll of teleportation
 j - a scroll of vulnerability {unknown}
 k - a scroll of acquirement {unknown}
 p - a scroll of enchant weapon {unknown}
 r - 2 scrolls of magic mapping {unknown}
 t - a scroll of torment {unknown}
Potions
 c - a potion of brilliance
 d - 2 potions of mutation
 g - a potion of attraction
 n - 2 potions of curing
 u - a potion of degeneration {unknown}


   Skills:
 + Level 2.8 Fighting
 + Level 2.0 Dodging
 + Level 5.0 Stealth
 + Level 5.4 Spellcasting
 - Level 3.0 Conjurations
 - Level 3.0 Summonings
 - Level 1.0 Translocations
 + Level 2.8 Air Magic
 + Level 3.4 Poison Magic


You had 9 spell levels left.
You knew the following spells:

 Your Spells              Type           Power      Damage    Failure   Level
a - Magic Dart            Conj           100%       1d8       2%          1
b - Call Imp              Summ           32%        N/A       3%          2
c - Blink                 Tloc           34%        N/A       8%          2
d - Mephitic Cloud        Conj/Pois/Air  33%        N/A       7%          3

Your spell library contained the following spells:

 Spells                   Type           Power      Damage    Failure   Level
 Slow                     Hex            40%        N/A       8%          1
 Conjure Flame            Conj/Fire      21%        6-21      13%         3
 Gell's Gravitas          Tloc           17%        N/A       16%         3
 Lesser Beckoning         Tloc           17%        N/A       16%         3
 Teleport Other           Tloc           17%        N/A       16%         3
 Tukima's Dance           Hex            10%        N/A       24%         3
 Passage of Golubria      Tloc           17%        N/A       45%         4
 Yara's Violent Unravell  Hex/Tmut       5%         3d4       91%         5
 Dispersal                Tloc           8%         N/A       100%        6


Dungeon Overview and Level Annotations

Branches:
Dungeon (8/15)             Temple (1/1) D:6
   Lair: D:8-11

Altars:
Ashenzari
Cheibriados
Dithmenos
Elyvilon
Fedhas
Gozag
Hepliaklqana
Kikubaaqudgha
Makhleb
Okawaru
Ru
Sif Muna
Trog
Uskayaw
Wu Jian
Yredelemnul
The Shining One

Shops:
D:1 *   D:2 [:!   D:5 !

Annotations:
D:3 2 transporters, Crazy Yiuf
D:5 2 transporters
D:6 1 runed translucent door, Pikel


Innate Abilities, Weirdness & Mutations

You cannot wear most types of armour.
You are amphibious.
You can wear up to eight rings at the same time.
Your skin changes colour to match your surroundings (Stealth+).
Your rubbery body absorbs attacks. (AC +1, EV +1)
((You are camouflaged when in or above water. (Stealth+)))
You have tentacles for arms and can constrict up to eight enemies at once.
Your magical capacity is low. (-10% MP)


Message History

Your shadow imp hits Pikel but does no damage.
The magic dart hits Pikel but does no damage.
Pikel is moderately wounded.
You constrict Pikel. Pikel barely misses you.
Your shadow imp hits Pikel but does no damage.
The magic dart hits Pikel but does no damage.
Pikel is moderately wounded.
You constrict Pikel.
Pikel hits you with a +0 whip of freezing!
Pikel freezes you.
Your shadow imp hits Pikel but does no damage.
The magic dart hits Pikel but does no damage.
Pikel is moderately wounded.
You constrict Pikel, but do no damage. Pikel misses you.
Your shadow imp hits Pikel.
Your magical contamination has completely faded away.
You release your grip on Pikel.
Your shadow imp closely misses Pikel.
You aren't carrying any items that you can evoke.
Unknown command.
It was a potion of mutation.
You feel extremely strange.
You feel less energetic.
Your shadow imp gestures at Pikel.
Pikel writhes in agony.
The lemure misses you.
Pikel hits you with a +0 whip of freezing!
Pikel freezes you.
It was a potion of brilliance.
You feel clever all of a sudden. The lemure hits you!
Pikel hits you with a +0 whip of freezing!
* * * LOW HITPOINT WARNING * * *
Pikel freezes you.
* * * LOW HITPOINT WARNING * * *
As you read the scroll labelled UTOAZOIRUA, it crumbles to dust.
It is a scroll of identify.
g - a potion of attraction Your shadow imp barely misses Pikel.
The lemure hits you.
* * * LOW HITPOINT WARNING * * *
Pikel hits you with a +0 whip of freezing!
You die...

### ##.# ##.## ##.##
##### #..# ##...####
##..# ##.......#########
#...###...###.@5.......##
#........##
##.K5.......###
#.......##
##...........###
##......#
#....####.....## ##....##
#..### ###....## #....#
#### ###...# ##..## ###).
##### ### ##. #####..#
####.### ##


You could see Pikel (ally target), a lemure and a friendly shadow imp
(summoned).

Vanquished Creatures
  An ogre (D:6)
  2 lemures (D:6)
  A kobold brigand (D:6)
  A bullfrog (D:6)
  A bullfrog skeleton (D:5)
  2 orc priests
  A gnoll shaman (D:5)
  An orc wizard (D:5)
  6 gnolls
  A howler monkey skeleton (D:6)
  2 adders
  An adder zombie (D:5)
  An adder skeleton (D:4)
  2 dart slugs
  10 orcs
  6 endoplasms
  A giant cockroach (D:2)
  8 goblins
  5 hobgoblins
  2 jackals
  6 ball pythons
  2 bats
  2 frilled lizards
  5 kobolds
  5 rats
  A spectral hobgoblin (D:3)
76 creatures vanquished.

Vanquished Creatures (collateral kills)
  2 scorpions (D:5)
  A water moccasin zombie (D:5)
  2 jellies
  An orc wizard (D:6)
  5 gnolls
  4 adders
  2 white imps
  An adder skeleton (D:4)
  A dart slug (D:2)
  7 orcs
  3 endoplasms
  2 goblins
  4 jackals
  3 ball pythons
  3 kobolds
  2 rats
43 creatures vanquished.

Vanquished Creatures (others)
  8 plants (D:1)
8 creatures vanquished.

Grand Total: 127 creatures vanquished

Notes
Turn   | Place    | Note
-------+----------+-------------------------------------------
     0 | D:1      | oldriver the Octopode Hedge Wizard began the quest for the
                  | Orb.
     0 | D:1      | Reached XP level 1. HP: 11/11 MP: 4/4
   217 | D:1      | Reached XP level 2. HP: 17/17 MP: 3/6
   249 | D:1      | Learned a level 2 spell: Call Imp
   432 | D:1      | Found Beyweine's General Store.
  1519 | D:1      | Reached XP level 3. HP: 10/21 MP: 1/7
  2704 | D:2      | Reached XP level 4. HP: 27/27 MP: 4/9
  2898 | D:2      | Learned a level 2 spell: Blink
  2907 | D:2      | Found Qookib's Antique Armour Emporium.
  3206 | D:2      | Found Cujysetz's Distillery.
  3462 | D:2      | Found Tuemeiw's Book Emporium.
  4095 | D:3      | Reached XP level 5. HP: 31/31 MP: 4/10
  4288 | D:3      | Found a runed translucent door.
  4289 | D:3      | Noticed Crazy Yiuf
  4398 | D:3      | Found a sacrificial altar of Ru.
  4482 | D:3      | Found a faded altar of an unknown god.
  4812 | D:3      | Found an ancient bone altar of Kikubaaqudgha.
  4812 | D:3      | Found an opulent altar of Gozag.
  4812 | D:3      | Found a burning altar of Makhleb.
  4815 | D:3      | Noticed a centaur
  4817 | D:3      | Found a transporter.
  4973 | D:3      | Found a transporter.
  6074 | D:4      | Found a basalt altar of Yredelemnul.
  6076 | D:4      | Noticed a profane servitor
  6104 | D:4      | Found a bloodstained altar of Trog.
  6138 | D:4      | Found a glowing golden altar of the Shining One.
  6823 | D:4      | Noticed an angel
  6871 | D:5      | Entered Level 5 of the Dungeon
  6937 | D:5      | Reached skill level 5 in Stealth
  6937 | D:5      | Reached XP level 6. HP: 36/36 MP: 9/12
  7348 | D:5      | Learned a level 3 spell: Mephitic Cloud
  7514 | D:5      | Found Erhenn's Distillery.
  7636 | D:5      | You fall into a shaft and drop 3 floors!
  8047 | D:7      | Noticed a water moccasin
  8183 | D:8      | Noticed a steam dragon
  8243 | D:8      | Noticed a two-headed ogre
  8243 | D:8      | Noticed an orc warrior
  8292 | D:8      | Noticed a wyvern
  8298 | D:8      | Noticed an orc warrior
  8338 | D:6      | Reached skill level 1 in Fighting
  8338 | D:6      | Reached skill level 1 in Air Magic
  8338 | D:6      | Reached skill level 1 in Poison Magic
  8338 | D:6      | Reached XP level 7. HP: 26/43 MP: 5/14
  9119 | D:5      | Reached skill level 5 in Spellcasting
  9572 | D:5      | Found a shadowy altar of Dithmenos.
  9616 | D:5      | Found a transporter.
  9621 | D:5      | Found a transporter.
 10237 | D:6      | Found a staircase to the Ecumenical Temple.
 10443 | Temple   | Entered the Ecumenical Temple
 10558 | Temple   | Became a worshipper of Sif Muna the Loreminder
 11143 | D:6      | Reached XP level 8. HP: 51/51 MP: 10/16
 11256 | D:6      | Found a runed translucent door.
 11762 | D:6      | Noticed Pikel
 12199 | D:6      | Gained mutation: Your magical capacity is low. (-10% MP)
                  | [potion of mutation]
 12201 | D:6      | Slain by Pikel

Illustrated notes

Levels and vault maps discovered:
D:1:      dpeg_arrival_solitude, layout_basic, serial_forest,
          infiniplex_forest_lined_room_2, infiniplex_forest_clump_long,
          infiniplex_forest_end_1, infiniplex_forest_clump_long,
          infiniplex_forest_split, infiniplex_forest_lined_2, serial_shops,
          shop, nicolae_grassy_gnolls
D:2:      minmay_alternating_diamond, layout_basic, serial_shops, shop, shop,
          shop
D:3:      layout_loops_ring, nicolae_ru_path_of_blood,
          gammafunk_temple_overflow_arena,
          dreamdust_ecumenical_altar_drowned_temple, minmay_box_of_dots,
          uniq_crazy_yiuf_cottage
D:4:      layout_basic, grunt_temple_overflow_holy_war, kennysheep_mini
D:5:      layout_loops_ring, nemelex_dance_club_becter, lemuel_crystal_altar,
          serial_shops, nicolae_shop_behind_doors, gammafunk_ghost_hive
D:6:      layout_layer_cave, minmay_temple_entry_proselytizer,
          ebering_ghost_sewer_d, uniq_pikel
D:7:      layout_basic, mainiacjoe_overflow_two_lobes, kennysheep_small_spiral,
          hex_tiny, uniq_harold
D:8:      layout_basic, tgw_xom
Temple:   nicolae_temple_figure_zero

Skill      XL: |  1  2  3  4  5  6  7 |
---------------+----------------------+-----
Stealth        | 3 4 5 |  5.0
Summonings     | 2 3 |  3.0
Spellcasting   | 4 5 |  5.4
Conjurations   | 2 3 |  3.0
Fighting       | 1 2 |  2.8
Air Magic      | 1 2 |  2.8
Poison Magic   | 1 3 |  3.4
Dodging        | |  2.0
Translocations | |  1.0

Action                   |  1- 3 |  4- 6 |  7- 9 || total
-------------------------+-------+-------+-------++-------
Melee: Dagger            |     8 |    15 |     2 ||    25
       Constrict         |     1 |     4 |     6 ||    11
       Tentacles         |     1 |     2 |     5 ||     8
       Whip              |       |       |    19 ||    19
 Cast: Magic Dart        |    44 |   121 |   138 ||   303
       Call Imp          |    18 |    74 |    29 ||   121
       Blink             |       |     1 |     1 ||     2
       Mephitic Cloud    |       |       |    13 ||    13
  Use: Scroll            |       |     3 |     1 ||     4
       Potion            |       |       |     4 ||     4
 Stab: Distracted        |       |       |     1 ||     1
Armor: Skin              |     2 |     4 |     4 ||    10
Dodge: Dodged            |    15 |    39 |    56 ||   110

Table legend: (Time is in decaauts)
 A = Elapsed time spent in this place.
 B = Non-inter-level travel time spent in this place.
 C = Inter-level travel time spent in this place.
 D = Time resting spent in this place.
 E = Time spent auto-exploring this place.
 F = Levels seen in this place.
 G = Mean time per level.
                   A        B        C        D        E       F      G
               +--------+--------+--------+--------+--------+-----+--------+
         Total |  12215 |  11738 |    477 |   4049 |   5428 |   9 | 1357.2 |
       Dungeon |  12089 |  11612 |    477 |   4049 |   5315 |   8 | 1511.1 |
        Temple |    125 |    125 |      0 |      0 |    113 |   1 |  125.0 |
               +--------+--------+--------+--------+--------+-----+--------+

Top non-repeatable levels by time:
     D:2: 2339 daAuts
     D:5: 2009 daAuts
     D:6: 1951 daAuts
     D:3: 1796 daAuts
     D:1: 1733 daAuts
     D:4: 1569 daAuts
     D:8: 670 daAuts
  Temple: 125 daAuts
     D:7: 20 daAuts
